 Dungeon Crawl Stone Soup version 0.17.2-1-ge4368a0 (webtiles) character file.

282 magog001 the Covert (level 6, -1/44 HPs)
             Began as a Vampire Assassin on Nov 15, 2016.
             Succumbed to magog001's ghost's poison
             ... on level 4 of the Dungeon.
             The game lasted 00:23:51 (3841 turns).

magog001 the Covert (Vampire Assassin)              Turns: 3841, Time: 00:23:51

Health: -1/44      AC:  3    Str: 10    XL:     6   Next: 6%
Magic:  6/6        EV: 14    Int: 13    God:
Gold:   241        SH:  0    Dex: 18    Spells: 0 memorised, 5 levels left

rFire  . . .     SeeInvis +     k - +2 dagger (venom)
rCold  . . .     Clarity  .     i - +0 robe
rNeg   . . .     SustAt   .     (no shield)
rPois  .         Gourm    .     (no helmet)
rElec  .         Spirit   .     d - +0 cloak
rCorr  .         Warding  .     (no gloves)
rMut   .         Stasis   .     (no boots)
MR     .....                    (no amulet)
Stlth  +++++.....               (no ring)
                                (no ring)

@: lethally poisoned (-1 -> -18), regenerating quickly, not resistant to hostile
enchantments, quite stealthy
A: fangs 3, see invisible, unbreathing
a: no special abilities


You were on level 4 of the Dungeon.
You were full.

You visited 1 branch of the dungeon, and saw 4 of its levels.

You collected 241 gold pieces.

Inventory:

Hand Weapons
 a - a +2 dagger
 b - a +0 blowgun
 k - a +2 dagger of venom (weapon)
Missiles
 e - 5 poisoned needles
 f - 2 curare-tipped needles
 h - 2 needles of slowing
 l - 5 needles of sleeping
 m - 69 arrows
 n - 46 bolts
 o - 11 arrows of flame
Armour
 d - a +0 cloak (worn)
 i - a +0 robe (worn)
Wands
 v - a wand of paralysis (19)
Scrolls
 c - a scroll of remove curse
 j - a scroll of identify
 r - 2 scrolls of amnesia
 t - a scroll of blinking {unknown}
 w - a scroll of fog {unknown}
Potions
 g - 18 potions of blood
 s - a potion of magic


   Skills:
 + Level 2.0 Fighting
 + Level 2.3 Short Blades
 * Level 2.3 Throwing
 * Level 3.8 Dodging
 * Level 9.0 Stealth


You had 5 spell levels left.
You didn't know any spells.

Dungeon Overview and Level Annotations

Branches:
Dungeon (4/15)
 Temple: D:4-7

Altars:

Annotations:
D:4 magog001's ghost, novice CeHu


Innate Abilities, Weirdness & Mutations

Your natural rate of healing is unusually fast.
You have razor-sharp teeth.
You have supernaturally acute eyesight.
You can survive without breathing.


Message History

You feel sick. Magog001's ghost closely misses you.
You feel sick.
You feel sick.
You feel sick. Magog001's ghost hits you.
* * * LOW HITPOINT WARNING * * *
You are lethally poisoned!
* * * LOW HITPOINT WARNING * * *
You feel sick.
Unknown command.
Unknown command.
* * * LOW HITPOINT WARNING * * *
You feel sick.
You see here a ring mail.
You barely miss magog001's ghost. Your bite misses magog001's ghost.
* * * LOW HITPOINT WARNING * * *
You feel sick. Magog001's ghost hits you.
* * * LOW HITPOINT WARNING * * *
You are more poisoned.
You hit magog001's ghost but do no damage.
You die...

#.# #.# #. #.#
#.# #.# #.# #.#
#.# ## #.# #.#
#########.
#.###############
#.........
#...............#
#.#######.
#...............#
#.# #[
#............W@.#
#.# #%
###############.#
#.# ####. #.#
#.###########..#.
#.#
#..............#.
#.#
###.#########..#.
#.# #.# #.# #..#.
#.# #.# #.# #..#.
#.# #.# #.# #..#.
#.# ##.####..#.


You could see magog001's ghost.

Vanquished Creatures
  An ogre (D:4)
  A centaur skeleton (D:3)
  Terence (D:2)
  A hound skeleton (D:4)
  7 adders
  2 oozes (D:3)
  2 worms (D:3)
  An orc (D:3)
  2 ball pythons (D:1)
  3 giant cockroaches
  8 goblins
  6 hobgoblins
  6 jackals
  8 bats
  A giant gecko (D:2)
  2 giant newts (D:1)
  6 kobolds
  3 rats
61 creatures vanquished.

Notes
Turn   | Place    | Note
--------------------------------------------------------------
     0 | D:1      | magog001 the Vampire Assassin began the quest for the Orb.
     0 | D:1      | Reached XP level 1. HP: 16/16 MP: 1/1
    28 | D:1      | Reached skill level 6 in Stealth
   552 | D:1      | Reached XP level 2. HP: 22/22 MP: 2/2
  1074 | D:2      | Noticed Terence
  1091 | D:2      | Killed Terence
  1091 | D:2      | Reached skill level 7 in Stealth
  1091 | D:2      | Reached XP level 3. HP: 18/27 MP: 3/3
  1508 | D:2      | Reached XP level 4. HP: 18/33 MP: 4/4
  1595 | D:2      | Found a faded altar to an unknown god.
  1846 | D:3      | Reached skill level 8 in Stealth
  3040 | D:3      | Reached XP level 5. HP: 17/38 MP: 5/5
  3320 | D:4      | Noticed an ogre
  3340 | D:4      | Killed an ogre
  3488 | D:4      | Reached skill level 9 in Stealth
  3601 | D:4      | Reached XP level 6. HP: 42/44 MP: 6/6
  3811 | D:4      | Noticed magog001's ghost (novice CeHu)
  3840 | D:4      | HP: 1/44 [magog001's ghost (2)]
  3841 | D:4      | Succumbed to magog001's ghost's poison

Action                   |  1- 3 |  4- 6 || total
-------------------------+-------+-------++-------
Melee: Dagger            |    23 |    70 ||    93
       Mace              |       |     5 ||     5
 Fire: Blowgun           |    37 |    21 ||    58
  Use: Potion            |     9 |    11 ||    20
       Scroll            |       |     6 ||     6
 Stab: Sleeping          |    21 |    10 ||    31
       Distracted        |       |     1 ||     1
